 Dungeon Crawl Stone Soup version 0.21.0-3-g78d12a8bdd (webtiles) character file.

82 Rrauwl the Charlatan (level 4, -2/27 HPs)
             Began as a Kobold Artificer on Jan 15, 2018.
             Killed by nerve-wracking pain
             ... invoked by Grinder
              (12 damage)
             ... on level 3 of the Dungeon.
             The game lasted 00:07:47 (1776 turns).

Rrauwl the Charlatan (Kobold Artificer)             Turns: 1776, Time: 00:07:48

Health: -2/27      AC:  3    Str: 10    XL:     4   Next: 70%
Magic:  7/7        EV: 16    Int: 12    God:
Gold:   104        SH:  0    Dex: 15    Spells: 3/3 levels left

rFire    . . .     SeeInvis .   a - +0 short sword
rCold    . . .     Gourm    .   (shield restricted)
rNeg     . . .     Faith    .   b - +0 leather armour
rPois    .         Spirit   .   (no helmet)
rElec    .         Reflect  .   (no cloak)
rCorr    .         Harm     .   (no gloves)
MR       .....                  (no boots)
Stlth    ++........             (no amulet)
HPRegen  0.09/turn              (no ring)
MPRegen  0.10/turn              (no ring)

@: no status effects
A: small, carnivore
a: no special abilities


You were on level 3 of the Dungeon.
You were completely stuffed.

You visited 1 branch of the dungeon, and saw 3 of its levels.

You collected 104 gold pieces.

Inventory:

Hand Weapons
 a - a +0 short sword (weapon)
Armour
 b - a +0 leather armour (worn)
Wands
 c - a wand of flame (2)
 d - a wand of enslavement (14)
 e - a wand of random effects (11)
 p - a wand of polymorph (5)
Scrolls
 g - a scroll of enchant weapon {unknown}
 q - a scroll of remove curse {unknown}
 r - a scroll of noise {unknown}
Potions
 h - a potion of magic {unknown}
 i - 2 potions of lignification {unknown}
 j - a potion of flight {unknown}
 k - a potion of might {unknown}
 l - 2 potions of heal wounds {unknown}
 m - a potion of curing {unknown}
 n - a potion of brilliance {unknown}
 o - a potion of cancellation {unknown}
 s - a potion of mutation {unknown}
Comestibles
 f - 5 rations
 t - 5 chunks of flesh


   Skills:
 + Level 2.6 Fighting
 - Level 2.0 Short Blades
 + Level 4.0 Dodging
 - Level 2.0 Stealth
 - Level 4.0 Evocations


You had 3 spell levels left.
You didn't know any spells.

Dungeon Overview and Level Annotations

Branches:
Dungeon (3/15)

Altars:

Annotations:
D:3 Grinder


Innate Abilities, Weirdness & Mutations

You are small and have problems with some larger weapons.
You are carnivorous and can eat meat at any time.


Message History

Orders for allies: a - Attack new target. p - Attack previous target. r - Retreat! s - Stop attacking. g - Guard the area. f - Follow me.
Anything else - Cancel.
Gang up on whom?
Press: ? - help, Dir - move target cursor, f/p - Grinder
Aim: Grinder, carrying a wand of digging (7) Attack!
Grinder hits your leopard gecko!
Your leopard gecko dies!
Evoke which item? (* to show all) (? for menu, Esc to quit)
Aiming: Random Effects
Press: ? - help, Shift-Dir - straight line, f/p - Grinder
Aim: Grinder, carrying a wand of digging (7) Grinder flickers and vanishes!
Deactivating autopickup; reactivate with Ctrl-A.
Evoke which item? (* to show all) (? for menu, Esc to quit)
Aiming: Throw Flame
Press: ? - help, Shift-Dir - straight line Pain shoots through your body!
You die...

#..#.#......
#......# ##.
####.r#.###
####......#
..........#
#..###.## #.
##.## #
##†## #@##
###


There were no monsters in sight!

Vanquished Creatures
  3 adders (D:2)
  An ooze (D:2)
  2 worms
  A leopard gecko (D:1)
  An orc (D:3)
  2 giant cockroaches (D:1)
  5 goblins
  5 hobgoblins
  5 jackals
  6 bats
  3 frilled lizards
  3 kobolds
  6 rats
43 creatures vanquished.

Vanquished Creatures (collateral kills)
  A frilled lizard (D:3)
  A rat (D:3)
2 creatures vanquished.

Vanquished Creatures (others)
  A leopard gecko (D:3)
1 creature vanquished.

Grand Total: 46 creatures vanquished

Notes
Turn   | Place    | Note
-------+----------+-------------------------------------------
     0 | D:1      | Rrauwl the Kobold Artificer began the quest for the Orb.
     0 | D:1      | Reached XP level 1. HP: 12/12 MP: 3/3
   138 | D:1      | Reached XP level 2. HP: 16/16 MP: 4/4
   668 | D:1      | Reached XP level 3. HP: 17/20 MP: 4/6
  1266 | D:2      | Reached XP level 4. HP: 17/26 MP: 7/7
  1754 | D:3      | Noticed Grinder
  1756 | D:3      | Paralysed by Grinder for 2 turns
  1776 | D:3      | Killed from afar by Grinder

Skill      XL: |  1  2  3  4 |
---------------+-------------+-----
Stealth        | 2 |  2.0
Short Blades   | 2 |  2.0
Evocations     | 4 |  4.0
Dodging        | 3 4 |  4.0
Fighting       | 2 |  2.6

Action                   |  1- 3 |  4- 6 || total
-------------------------+-------+-------++-------
Melee: Short sword       |   133 |    13 ||   146
Evoke: Wand              |     8 |    10 ||    18
 Stab: Sleeping          |     3 |     2 ||     5
       Distracted        |     1 |       ||     1
       Paralysed         |       |     3 ||     3
  Eat: Chunk             |     9 |     2 ||    11
Armor: Leather armour    |    28 |     5 ||    33
Dodge: Dodged            |   109 |    14 ||   123
